 Dungeon Crawl Stone Soup version 0.27.1-4-g1640c2035a (webtiles) character file.

Game seed: 15974838649694202568

368 Crownlay the Digger (level 6, -3/32 HPs)
             Began as a Gargoyle Earth Elementalist on Nov 7, 2021.
             Was an Initiate of Vehumet.
             Shot with an arrow by a centaur (5 damage)
             ... on level 5 of the Dungeon.
             The game lasted 00:04:40 (4517 turns).

Crownlay the Digger (Gargoyle Earth Elementalist)   Turns: 4517, Time: 00:04:41

Health: -3/32      AC:  7    Str: 12    XL:     6   Next: 69%
Magic:  8/14       EV: 11    Int: 17    God:    Vehumet [......]
Gold:   190        SH:  0    Dex: 10    Spells: 11/15 levels left

rFire    . . .     SeeInvis .   g - +0 mace
rCold    + . .     Faith    .   (no shield)
rNeg     + . .     Spirit   .   b - +0 robe
rPois    ∞         Reflect  .   (no helmet)
rElec    +         Harm     .   (no cloak)
rCorr    .         Rampage  .   (no gloves)
Will     .....                  e - +0 pair of boots
Stlth    ++........             (no amulet)
HPRegen  0.10/turn              d - ring of protection from cold
MPRegen  0.14/turn              (no ring)

@: no status effects
A: sickness immunity, AC +4, negative energy resistance 1, electricity
resistance, torment resistance 1, petrification resistance
a: Renounce Religion


You were on level 5 of the Dungeon.
You worshipped Vehumet.
Vehumet was noncommittal.
You visited 2 branches of the dungeon, and saw 6 of its levels.

You collected 190 gold pieces.

Inventory:

Hand Weapons
 g - a +0 mace (weapon)
Missiles
 c - 66 stones
Armour
 b - a +0 robe (worn)
 e - a +0 pair of boots (worn)
Magical Staves
 p - a staff of cold
Jewellery
 d - a ring of protection from cold (left hand)
Wands
 m - a wand of paralysis (9)
 n - a wand of iceblast (6)
 q - a wand of flame (18)
Scrolls
 a - a scroll of enchant weapon {unknown}
 h - 2 scrolls of identify {unknown}
 j - a scroll of vulnerability {unknown}
 k - a scroll of magic mapping {unknown}
 s - a scroll of noise {unknown}
Potions
 f - 2 potions of curing {unknown}
 i - a potion of degeneration {unknown}
 l - a potion of might {unknown}
 o - 3 potions of attraction {unknown}
 r - a potion of haste {unknown}


   Skills:
 - Level 1.5 Dodging
 - Level 2.1 Stealth
 * Level 5.3 Spellcasting
 - Level 0.7 Transmutations
 + Level 5.8 Earth Magic


You had 11 spell levels left.
You knew the following spells:

 Your Spells              Type           Power      Damage    Failure   Level
a - Sandblast             Erth           48%        2d12      1%          1
b - Stone Arrow           Conj/Erth      28%        3d8       12%         3

Your spell library contained the following spells:

 Spells                   Type           Power      Damage    Failure   Level
 Passwall                 Tmut/Erth      12%        N/A       5%          2
 Magic Dart               Conj           16%        1d3       14%         1
 Petrify                  Tmut/Erth      15%        N/A       34%         4
 Summon Lightning Spire   Summ/Air       4%         N/A       80%         4
 Storm Form               Tmut/Air       2%         N/A       100%        7
 Maxwell's Capacitive Co  Air            2%         ∞         100%        8


Dungeon Overview and Level Annotations

Branches:
Dungeon (5/15)             Temple (1/1) D:4

Altars:
Cheibriados
Fedhas
Kikubaaqudgha
Okawaru
Qazlal
Ru
Sif Muna
Uskayaw
Vehumet
Xom
Yredelemnul
The Shining One


Innate Abilities, Weirdness & Mutations

You are immune to sickness and miasma.
Your stone body is resilient. (AC +4)
You are immune to poison.
You resist negative energy. (rN+)
You are resistant to electric shocks. (rElec)
You are resistant to unholy torment.
You are immune to petrification.


Message History

There is a stone staircase leading up here.
Found a stone staircase leading up.
Found a runed ivory ring and 15 gold pieces.
You pick up Sif Muna's Compendium of Feathery Combat Magic and begin reading...
You add the spells Magic Dart, Summon Lightning Spire, Storm Form and Maxwell's Capacitive Coupling to your library.
Okay, then.
A centaur comes into view.
The centaur shouts!
The centaur wields a +0 shortbow.
The centaur shoots an arrow.
The arrow hits you.
The centaur shoots an arrow.
The arrow hits you.
The centaur shoots an arrow.
The arrow hits you!
Found 25 stones.
The centaur shoots an arrow.
The arrow closely misses you.
The centaur shoots an arrow.
The arrow hits you!
* * * LOW HITPOINT WARNING * * *
The centaur shoots an arrow.
The arrow hits you.
* * * LOW HITPOINT WARNING * * *
You are too injured to fight recklessly!
You are too injured to fight recklessly!
A centaur is nearby!
You are too injured to fight recklessly!
Casting: Sandblast (safe; 1% risk of failure)
Confirm with . or Enter, or press ? or * to list all spells.
The spell is quite dangerous to cast (12% risk of failure)!
Continue anyway?
Aiming: Stone Arrow (quite dangerous; 12% risk of failure)
Press: ? - help, Shift-Dir - straight line, f - centaur
Aim: a centaur, wielding a +0 shortbow and quivering arrows (81% to hit)
The stone arrow hits the centaur!
The centaur is severely wounded.
The centaur shoots an arrow.
The arrow hits you.
* * * LOW HITPOINT WARNING * * *
Casting: Stone Arrow (quite dangerous; 12% risk of failure)
Confirm with . or Enter, or press ? or * to list all spells.
The spell is quite dangerous to cast (12% risk of failure)!
Continue anyway?
Aiming: Stone Arrow (quite dangerous; 12% risk of failure)
Press: ? - help, Shift-Dir - straight line, f/p - centaur
Aim: a centaur, wielding a +0 shortbow and quivering arrows (severely wounded, 81% to hit)
The stone arrow misses the centaur.
The centaur shoots an arrow.
The arrow misses you.
The centaur shoots an arrow.
The arrow hits you.
You die...

#..... ...........
#..... ##.........
...#.. #.........##
......###..........##.
.?.............(......
...........# ......##
#.........## #....c.#
#......<...###@.....#
.....#..............#
.................=...#
....##..###...........
... #.... ##....<..#..
.. #..#.# #.......# .
. #..... ##....$##
.(.... ...#....
.###....


You could see a centaur.

Vanquished Creatures
  A centaur (D:4)
  A scorpion (D:4)
  A centaur skeleton (D:4)
  2 orc priests
  A jelly (D:4)
  An orc wizard (D:4)
  An adder (D:4)
  3 worms
  8 orcs
  7 endoplasms
  5 giant cockroaches
  6 goblins
  4 hobgoblins
  5 quokkas
  6 ball pythons
  7 bats
  3 frilled lizards
  4 kobolds
  2 rats
68 creatures vanquished.

Notes
Turn   | Place    | Note
-------+----------+-------------------------------------------
     0 | D:1      | Crownlay the Gargoyle Earth Elementalist began the quest
                  | for the Orb.
     0 | D:1      | Reached XP level 1. HP: 10/10 MP: 3/3
   534 | D:1      | Reached XP level 2. HP: 9/15 MP: 5/5
  1275 | D:2      | Found a hide-covered altar of Uskayaw.
  1283 | D:2      | Reached XP level 3. HP: 19/19 MP: 7/7
  2714 | D:3      | Found a faded altar of an unknown god.
  2764 | D:3      | Reached XP level 4. HP: 24/24 MP: 6/9
  3337 | D:4      | Noticed a scorpion
  3361 | D:4      | Reached XP level 5. HP: 26/28 MP: 2/11
  3405 | D:4      | Reached skill level 5 in Earth Magic
  3484 | D:4      | Found a staircase to the Ecumenical Temple.
  3495 | Temple   | Entered the Ecumenical Temple
  3865 | D:4      | Found a radiant altar of Vehumet.
  3892 | D:4      | Reached XP level 6. HP: 32/32 MP: 10/13
  3920 | D:4      | Became a worshipper of Vehumet
  3975 | D:4      | Learned a level 3 spell: Stone Arrow
  4121 | D:4      | Found a shimmering altar of Xom.
  4121 | D:4      | Found a sacrificial altar of Ru.
  4214 | D:4      | Reached skill level 5 in Spellcasting
  4506 | D:5      | Entered Level 5 of the Dungeon
  4510 | D:5      | Got Sif Muna's Compendium of Feathery Combat Magic
  4517 | D:5      | Shot with an arrow by a centaur

Illustrated notes

Levels and vault maps discovered:
D:1:      dpeg_arrival_arbitrary_a, layout_rooms
D:2:      layout_rooms, basic_altar, serial_co_window_serial,
          co_window_corner_a, co_window_paths_b, co_window_paths_a,
          co_window_corner_a, co_window_corner_a, co_window_paths_c,
          co_window_of_opportunity_c, co_window_broadway_b, glass_columns_c,
          glass_columns_c, glass_columns_b
D:3:      layout_basic, hellmonk_ecumenical_altar_run_dry
D:4:      layout_basic, mainiacjoe_overflow_paths,
          chequers_temple_overflow_statue_of_worship,
          minmay_temple_entry_mini_moons
D:5:      layout_cave_pools
Temple:   jpeg_temple_island

Skill      XL: |  1  2  3  4  5  6 |
---------------+-------------------+-----
Earth Magic    | 4 5 |  5.8
Spellcasting   | 3 4 5 |  5.3
Dodging        | |  1.5
Stealth        | |  2.1
Transmutations | |  0.7

Action                   |  1- 3 |  4- 6 || total
-------------------------+-------+-------++-------
Melee: Club              |    66 |       ||    66
       Mace              |    80 |    13 ||    93
 Cast: Sandblast         |    17 |    49 ||    66
       Stone Arrow       |       |     2 ||     2
 Stab: Sleeping          |     5 |       ||     5
Armor: Robe              |    88 |    15 ||   103
Dodge: Dodged            |   148 |    21 ||   169
